[Event "22nd Ruzomberok Open 2019"]
[Site "Ruzomberok"]
[Date "2019.07.07"]
[Round "9.3"]
[White "Farkas, Gabor"]
[Black "Borsos, Bogdan"]
[Result "1/2-1/2"]
[ECO "C44"]
[WhiteElo "2353"]
[BlackElo "2211"]
[Annotator "NA"]
[PlyCount "78"]
[EventDate "2019.06.29"]
[EventType "swiss"]
[EventCountry "SVK"]
[SourceTitle "playchess.com"]
[Source "ChessBase"]
[SourceQuality "1"]
[TimeControl "40/5400+30:1800+30"]

1. e4 e5 2. Nf3 Nc6 3. d4 exd4 4. Nxd4 Bb4+ 5. c3 Ba5 6. Nxc6 bxc6 7. Bc4 Bb6 8. O-O Ne7 9. Bg5 h6 10. Bh4 O-O 11. Kh1 Qe8 12. Nd2 Kh8 13. f4 f6 14. f5 d5 15. Bd3 dxe4 16. Bxe4 Ba6 17. c4 Rd8 18. Qc2 c5 19. Nf3 Qf7 20. b3 Rd7 21. Rad1 Bc8 22. Rxd7 Bxd7 23. Bg3 Nc6 24. Rd1 Re8 25. Bxc6 Bxc6 26. Nh4 Qh5 27. Re1 Kh7 28. Rxe8 Qxe8 29. h3 Ba5 30. Qf2 Qe4 31. Kh2 Bc3 32. Qf3 Bd4 33. Qxe4 Bxe4 34. Bxc7 Bb1 35. a3 Ba2 36. b4 Bxc4 37. Bd6 cxb4 38. axb4 Bd3 39. g4 Bc3 1/2-1/2

[Event "22nd Ruzomberok Open 2019"]
[Site "Ruzomberok"]
[Date "2019.07.07"]
[Round "9.5"]
[White "Bednar, Jan"]
[Black "Jakab, Bela"]
[Result "0-1"]
[ECO "D15"]
[WhiteElo "2084"]
[BlackElo "2278"]
[Annotator "NA"]
[PlyCount "88"]
[EventDate "2019.06.29"]
[EventType "swiss"]
[EventCountry "SVK"]
[SourceTitle "playchess.com"]
[Source "ChessBase"]
[SourceQuality "1"]
[TimeControl "40/5400+30:1800+30"]

1. d4 d5 2. c4 c6 3. Nf3 Nf6 4. Nc3 a6 5. e3 b5 6. c5 Bg4 7. Be2 Nbd7 8. b4 g6 9. Bb2 Bg7 10. Ne5 Bxe2 11. Qxe2 Nxe5 12. dxe5 Nd7 13. f4 O-O 14. O-O e6 15. Qg4 a5 16. a3 Qe7 17. Ne2 Rae8 18. Nd4 Nb8 19. a4 bxa4 20. bxa5 Qxc5 21. Rxa4 Qa7 22. Rc1 c5 23. Nb5 Qd7 24. Qe2 Na6 25. Raa1 Ra8 26. Ba3 Rfb8 27. Nd6 c4 28. h4 Rb3 29. h5 Qa7 30. Re1 Nc5 31. Nxc4 dxc4 32. Qxc4 Rxa3 33. Rxa3 Bf8 34. hxg6 hxg6 35. Ra2 Na6 36. Kh2 Nb4 37. Rae2 Qxa5 38. g4 Qd8 39. Kg3 Ra3 40. g5 Qb6 41. Qe4 Nd5 42. Rh2 Nxe3 43. Rxe3 Rxe3+ 44. Kg4 Rxe4 0-1

[Event "22nd Ruzomberok Open 2019"]
[Site "Ruzomberok"]
[Date "2019.07.07"]
[Round "9.6"]
[White "Motycakova, Monika"]
[Black "Viczencz, Peter"]
[Result "0-1"]
[ECO "B43"]
[WhiteElo "2129"]
[BlackElo "2014"]
[Annotator "NA"]
[PlyCount "150"]
[EventDate "2019.06.29"]
[EventType "swiss"]
[EventCountry "SVK"]
[SourceTitle "playchess.com"]
[Source "ChessBase"]
[SourceQuality "1"]
[TimeControl "40/5400+30:1800+30"]

1. e4 c5 2. Nf3 e6 3. d4 cxd4 4. Nxd4 a6 5. Nc3 Qc7 6. Be2 Nf6 7. O-O b5 8. Re1 Bb7 9. e5 Qxe5 10. Bxb5 Qc7 11. Bd3 Be7 12. Bg5 d5 13. Qf3 O-O 14. Qh3 g6 15. Qh4 Nbd7 16. Re3 e5 17. Nf5 Bd8 18. Qh6 Nh5 19. Rh3 Bxg5 20. Qxg5 f6 21. Qh6 Nc5 22. Bf1 Ne6 23. Nh4 Nef4 24. Rg3 Nxg3 25. hxg3 Ne6 26. Qd2 Rad8 27. Re1 Ng5 28. Na4 Ne4 29. Qd1 Bc6 30. Nc3 Nxc3 31. bxc3 Bb5 32. Bd3 Bxd3 33. Qxd3 Qc4 34. Qe3 Kg7 35. Rb1 Rf7 36. Rb3 d4 37. Qe4 Qd5 38. Qg4 Qd7 39. Qe4 dxc3 40. Rxc3 Qd1+ 41. Kh2 Qh5 42. Qf3 Qxf3 43. gxf3 Rd2 44. Kg1 Rb7 45. f4 e4 46. g4 Rb1+ 47. Kg2 Rb2 48. Rc7+ Kh6 49. Rc6 Rbxc2 50. Rxf6 Rxf2+ 51. Kg3 Kg7 52. Rxa6 Rxa2 53. Re6 Rfb2 54. g5 Rb3+ 55. Kg4 e3 56. Nf3 e2 57. Nd4 Rbb2 58. Kf3 Ra3+ 59. Kg4 Kf7 60. Rxe2 Rxe2 61. Nxe2 Ke6 62. Nd4+ Kd5 63. Nf3 Ke4 64. Nd2+ Kd3 65. Nf1 Ke2 66. Ng3+ Ke3 67. Nf1+ Kf2 68. Nd2 Ra4 69. Nf3 Ke3 70. Kg3 Rxf4 71. Nh2 Ke4 72. Ng4 Kf5 73. Nf6 Kxg5 74. Nxh7+ Kf5 75. Nf8 Rd4 0-1

[Event "22nd Ruzomberok Open 2019"]
[Site "Ruzomberok"]
[Date "2019.07.07"]
[Round "9.7"]
[White "Karas, Marek"]
[Black "Zahradnik, Vladimir"]
[Result "1-0"]
[ECO "D30"]
[WhiteElo "2282"]
[BlackElo "1862"]
[Annotator "NA"]
[PlyCount "85"]
[EventDate "2019.06.29"]
[EventType "swiss"]
[EventCountry "SVK"]
[SourceTitle "playchess.com"]
[Source "ChessBase"]
[SourceQuality "1"]
[TimeControl "40/5400+30:1800+30"]

1. d4 d5 2. c4 e6 3. Nf3 c6 4. g3 f5 5. Bg2 Nf6 6. O-O Bd6 7. b3 O-O 8. Ba3 Bxa3 9. Nxa3 Qe7 10. Nc2 Nbd7 11. Nce1 dxc4 12. bxc4 e5 13. e3 e4 14. Nd2 c5 15. Nb3 b6 16. f3 Bb7 17. fxe4 Bxe4 18. Bxe4 Nxe4 19. Ng2 g6 20. Qd3 Rad8 21. Rad1 Ne5 22. Qc2 Ng4 23. Rde1 Rd7 24. Nf4 Re8 25. Qg2 Nef6 26. dxc5 bxc5 27. Qc6 Ne4 28. Nxg6 hxg6 29. Qxg6+ Kf8 30. Qxg4 Qg7 31. Qxf5+ Rf7 32. Qxf7+ Qxf7 33. Rxf7+ Kxf7 34. Rd1 Nc3 35. Rd7+ Kf6 36. Nxc5 Rxe3 37. Rxa7 Re2 38. Ra3 Nxa2 39. Rf3+ Kg5 40. Rf2 Re1+ 41. Kg2 Nb4 42. h4+ Kg4 43. Nd7 1-0

[Event "22nd Ruzomberok Open 2019"]
[Site "Ruzomberok"]
[Date "2019.07.07"]
[Round "9.8"]
[White "Bartek, Ladislav"]
[Black "Sarkozy, Ladislav"]
[Result "0-1"]
[ECO "B78"]
[WhiteElo "2042"]
[BlackElo "2227"]
[Annotator "NA"]
[PlyCount "53"]
[EventDate "2019.06.29"]
[EventType "swiss"]
[EventCountry "SVK"]
[SourceTitle "playchess.com"]
[Source "ChessBase"]
[SourceQuality "1"]
[TimeControl "40/5400+30:1800+30"]

1. e4 c5 2. Nf3 d6 3. d4 cxd4 4. Nxd4 Nf6 5. Nc3 g6 6. Be3 Bg7 7. f3 Nc6 8. Bc4 O-O 9. Qd2 Bd7 10. O-O-O Rc8 11. Bb3 Ne5 12. Kb1 a6 13. h4 h5 14. Rdg1 Rc5 15. g4 hxg4 16. h5 Nxh5 17. Bh6 Kh7 18. Bxg7 Kxg7 19. Nf5+ Bxf5 20. exf5 Nxf3 21. Qc1 Nxg1 22. Rxh5 Rh8 23. Rxh8 Qxh8 24. Qxg1 gxf5 25. a3 Re5 26. Nd5 Qh4 27. Nc3 0-1

[Event "22nd Ruzomberok Open 2019"]
[Site "Ruzomberok"]
[Date "2019.07.07"]
[Round "9.9"]
[White "Hros, Roman"]
[Black "Baleja, Marian"]
[Result "1-0"]
[ECO "B20"]
[WhiteElo "2195"]
[BlackElo "1951"]
[Annotator "NA"]
[PlyCount "99"]
[EventDate "2019.06.29"]
[EventType "swiss"]
[EventCountry "SVK"]
[SourceTitle "playchess.com"]
[Source "ChessBase"]
[SourceQuality "1"]
[TimeControl "40/5400+30:1800+30"]

1. e4 c5 2. Be2 Nc6 3. f4 g6 4. Nf3 Bg7 5. d3 d5 6. c3 dxe4 7. dxe4 Qc7 8. O-O Bg4 9. Na3 Rd8 10. Qe1 Nf6 11. Qh4 Bxf3 12. Bxf3 O-O 13. Nc4 b5 14. Ne3 e6 15. g4 Ne8 16. f5 exf5 17. Nd5 Rxd5 18. exd5 fxg4 19. Bxg4 Ne5 20. Bf4 c4 21. Bh3 Qc5+ 22. Kh1 Qxd5+ 23. Bg2 Qc5 24. Rae1 Nd3 25. Be3 Qc7 26. Re2 Nd6 27. Bd4 Nf5 28. Rxf5 gxf5 29. Bxg7 Kxg7 30. Qg5+ Kh8 31. Qf6+ Kg8 32. Bd5 Nf4 33. Re7 Nxd5 34. Qg5+ Kh8 35. Rxc7 Nxc7 36. Qxf5 Ne6 37. Qxb5 Rc8 38. b3 Rc7 39. b4 Kg7 40. a4 Kg6 41. a5 f5 42. Qe5 Re7 43. b5 f4 44. b6 axb6 45. axb6 Kf7 46. Qd5 Kf6 47. b7 Re8 48. Qd6 f3 49. b8=Q f2 50. Qe5+ 1-0

[Event "22nd Ruzomberok Open 2019"]
[Site "Ruzomberok"]
[Date "2019.07.07"]
[Round "9.10"]
[White "Koloditsova, Renata"]
[Black "Hrnciar, Roman"]
[Result "1-0"]
[ECO "A84"]
[WhiteElo "1903"]
[BlackElo "2096"]
[Annotator "NA"]
[PlyCount "45"]
[EventDate "2019.06.29"]
[EventType "swiss"]
[EventCountry "SVK"]
[SourceTitle "playchess.com"]
[Source "ChessBase"]
[SourceQuality "1"]
[TimeControl "40/5400+30:1800+30"]

1. d4 f5 2. c4 e6 3. Nc3 Nf6 4. Nf3 Be7 5. g3 O-O 6. Bg2 c6 7. c5 b6 8. b4 a5 9. O-O axb4 10. Na4 bxc5 11. dxc5 Qa5 12. Nb6 Ra6 13. Bf4 Bxc5 14. Nc4 Qb5 15. Nd6 Bxd6 16. Bxd6 Re8 17. Ne5 Nd5 18. e4 Nc3 19. Qh5 Rd8 20. Qf7+ Kh8 21. Qe7 Qb6 22. Nf7+ Kg8 23. Nxd8 1-0

[Event "22nd Ruzomberok Open 2019"]
[Site "Ruzomberok"]
[Date "2019.07.07"]
[Round "9.11"]
[White "Orvisky, Vladimir"]
[Black "Galbavy, Dusan"]
[Result "1/2-1/2"]
[ECO "A13"]
[WhiteElo "1704"]
[BlackElo "1735"]
[Annotator "NA"]
[PlyCount "95"]
[EventDate "2019.06.29"]
[EventType "swiss"]
[EventCountry "SVK"]
[SourceTitle "playchess.com"]
[Source "ChessBase"]
[SourceQuality "1"]
[TimeControl "40/5400+30:1800+30"]

1. c4 e6 2. Nc3 d5 3. d4 f5 4. Nf3 Nf6 5. Bf4 c6 6. h3 Bb4 7. e3 Ne4 8. Qb3 Be7 9. Be2 O-O 10. O-O Nd7 11. Rad1 g5 12. Bh2 h5 13. Ne5 Qe8 14. cxd5 exd5 15. Nxd5 cxd5 16. Qxd5+ Kh7 17. Bxh5 Qxh5 18. Nxd7 Bxd7 19. Qxd7 Qf7 20. f3 Rad8 21. Qxb7 Nd6 22. Bxd6 Bxd6 23. Qxf7+ Rxf7 24. g4 f4 25. e4 Rb7 26. b3 Ba3 27. Rfe1 Rxd4 28. Rxd4 Bc5 29. Red1 Rd7 30. Kf1 Rxd4 31. Rxd4 Bxd4 32. Ke2 Kg6 33. Kd3 Bb2 34. Kc4 Kf6 35. b4 Ke5 36. a4 Bd4 37. a5 Bf2 38. Kb5 Kd6 39. Ka6 Kc7 40. e5 Bd4 41. b5 Kb8 42. e6 Bc5 43. b6 axb6 44. axb6 Be7 45. Kb5 Kb7 46. Ka5 Bd6 47. Kb5 Be7 48. Ka5 1/2-1/2

[Event "22nd Ruzomberok Open 2019"]
[Site "Ruzomberok"]
[Date "2019.07.07"]
[Round "9.12"]
[White "Ambrozi, Peter"]
[Black "Cech, Dominik"]
[Result "1-0"]
[ECO "A01"]
[WhiteElo "1888"]
[BlackElo "2092"]
[Annotator "NA"]
[PlyCount "55"]
[EventDate "2019.06.29"]
[EventType "swiss"]
[EventCountry "SVK"]
[SourceTitle "playchess.com"]
[Source "ChessBase"]
[SourceQuality "1"]
[TimeControl "40/5400+30:1800+30"]

1. b3 e5 2. Bb2 Nc6 3. e3 d5 4. Bb5 Bd6 5. f4 Qe7 6. Nf3 Bg4 7. h3 Bxf3 8. Qxf3 Nf6 9. c4 O-O 10. Bxc6 bxc6 11. fxe5 Bxe5 12. d4 Bd6 13. c5 Bxc5 14. dxc5 Qxc5 15. O-O Ne4 16. Rc1 Qd6 17. Nc3 Rfe8 18. Nxe4 Rxe4 19. Bd4 a5 20. Rc5 a4 21. Rac1 axb3 22. axb3 Ra6 23. b4 Rb6 24. b5 Rxb5 25. Rxc6 Qf8 26. Rxc7 Rb8 27. Qf5 Rd8 28. Rb1 1-0

[Event "22nd Ruzomberok Open 2019"]
[Site "Ruzomberok"]
[Date "2019.07.07"]
[Round "9.13"]
[White "Vacek, Ondrej"]
[Black "Janik, Miroslav"]
[Result "1-0"]
[ECO "D12"]
[WhiteElo "2125"]
[BlackElo "1889"]
[Annotator "NA"]
[PlyCount "81"]
[EventDate "2019.06.29"]
[EventType "swiss"]
[EventCountry "SVK"]
[SourceTitle "playchess.com"]
[Source "ChessBase"]
[SourceQuality "1"]
[TimeControl "40/5400+30:1800+30"]

1. Nf3 d5 2. d4 Nf6 3. c4 c6 4. e3 Bf5 5. Nc3 e6 6. Bd3 Bxd3 7. Qxd3 Nbd7 8. O-O Bd6 9. e4 dxe4 10. Nxe4 Nxe4 11. Qxe4 Nf6 12. Qe2 h6 13. Bd2 a5 14. Bc3 O-O 15. Rad1 Qe7 16. Rfe1 Rfe8 17. Rd3 Bb4 18. Ne5 Bxc3 19. bxc3 Nd7 20. Rg3 Nxe5 21. Qxe5 f6 22. Qh5 Kh8 23. Rge3 Qd6 24. c5 Qd7 25. Qh3 Rad8 26. Rxe6 Rxe6 27. Qxe6 Qc7 28. Qe7 Rd7 29. Qe8+ Kh7 30. h4 g6 31. g3 h5 32. Kg2 Rf7 33. a4 Kg7 34. Re6 Kh7 35. Rd6 g5 36. Qe4+ f5 37. Qe6 gxh4 38. Qg6+ Kh8 39. Qxh5+ Kg8 40. Qxh4 Rh7 41. Qd8+ 1-0

[Event "22nd Ruzomberok Open 2019"]
[Site "Ruzomberok"]
[Date "2019.07.07"]
[Round "9.14"]
[White "Bemak, Mikhail"]
[Black "Mc Aleenan, Charles"]
[Result "1-0"]
[ECO "D18"]
[WhiteElo "2102"]
[BlackElo "1746"]
[Annotator "NA"]
[PlyCount "146"]
[EventDate "2019.06.29"]
[EventType "swiss"]
[EventCountry "SVK"]
[SourceTitle "playchess.com"]
[Source "ChessBase"]
[SourceQuality "1"]
[TimeControl "40/5400+30:1800+30"]

1. d4 d5 2. c4 c6 3. Nf3 Nf6 4. Nc3 dxc4 5. a4 Bf5 6. e3 e6 7. Bxc4 Bb4 8. O-O Nbd7 9. Qe2 O-O 10. Rd1 Nb6 11. Bd3 Bxd3 12. Rxd3 Nbd5 13. e4 Nxc3 14. bxc3 Be7 15. c4 Re8 16. e5 Nd7 17. Bb2 Nf8 18. Nd2 Qc7 19. Ne4 Red8 20. Rc1 Qd7 21. Qg4 Kh8 22. Rf3 Ng6 23. Qh5 Qe8 24. Rh3 Qg8 25. Qg4 Rd7 26. Ng5 Bxg5 27. Qxg5 Rad8 28. Re3 Qf8 29. Ba3 Qe8 30. Bd6 Ne7 31. Re4 Nf5 32. c5 h6 33. Qf4 Ne7 34. g4 Nd5 35. Qd2 g5 36. h4 Qg8 37. Kh2 Qg6 38. Qe2 Nf4 39. Qf3 Nd5 40. h5 Qg7 41. Re2 a5 42. Rb2 Nb4 43. Rb3 Kg8 44. Qe3 Qh7 45. Qe2 Nd5 46. Re1 Ra8 47. Qb2 Nb4 48. Qd2 Nc2 49. Re2 Nb4 50. f4 gxf4 51. Qxf4 Nd5 52. Qd2 Kh8 53. Rg2 Rg8 54. Rbg3 Rg5 55. Re2 Rd8 56. Kh3 Rdg8 57. Rf2 Qg7 58. Rfg2 Qh7 59. Qf2 Qg7 60. Qf3 Qh7 61. Rb2 R5g7 62. Rxb7 f5 63. Rxg7 Rxg7 64. gxf5 Rxg3+ 65. Kxg3 exf5 66. Kh3 Qd7 67. Qg3 Qg7 68. e6 Qg4+ 69. Qxg4 fxg4+ 70. Kxg4 Kg7 71. Be5+ Kf8 72. Kf5 Ne3+ 73. Kg6 Ng4 1-0

[Event "22nd Ruzomberok Open 2019"]
[Site "Ruzomberok"]
[Date "2019.07.07"]
[Round "9.15"]
[White "Holly, Andrej"]
[Black "Salomons, Lorenzo"]
[Result "1-0"]
[ECO "A20"]
[WhiteElo "2046"]
[BlackElo "1842"]
[Annotator "NA"]
[PlyCount "45"]
[EventDate "2019.06.29"]
[EventType "swiss"]
[EventCountry "SVK"]
[SourceTitle "playchess.com"]
[Source "ChessBase"]
[SourceQuality "1"]
[TimeControl "40/5400+30:1800+30"]

1. c4 e5 2. g3 Nf6 3. Bg2 Nc6 4. Nc3 Bc5 5. e3 O-O 6. Nge2 d5 7. Nxd5 Nxd5 8. cxd5 Nb4 9. Qb3 c6 10. e4 Qb6 11. O-O cxd5 12. a3 Na6 13. Qxb6 Bxb6 14. exd5 Rd8 15. b4 Nc7 16. Bb2 f6 17. d4 Bg4 18. Rfe1 Bxe2 19. Rxe2 exd4 20. Rd2 Nxd5 21. Bxd4 Nxb4 22. Bxb6 Rxd2 23. axb4 1-0

[Event "22nd Ruzomberok Open 2019"]
[Site "Ruzomberok"]
[Date "2019.07.07"]
[Round "9.16"]
[White "Balogh, Peter"]
[Black "Mocary, Metod"]
[Result "1/2-1/2"]
[ECO "B07"]
[WhiteElo "2037"]
[BlackElo "1857"]
[Annotator "NA"]
[PlyCount "51"]
[EventDate "2019.06.29"]
[EventType "swiss"]
[EventCountry "SVK"]
[SourceTitle "playchess.com"]
[Source "ChessBase"]
[SourceQuality "1"]
[TimeControl "40/5400+30:1800+30"]

1. e4 d6 2. d4 Nf6 3. Nc3 g6 4. Bg5 h6 5. Bxf6 exf6 6. f4 Bg7 7. Qf3 O-O 8. O-O-O c6 9. g4 b5 10. h4 b4 11. Nb1 Qa5 12. Bc4 Ba6 13. Qb3 Bxc4 14. Qxc4 d5 15. exd5 Qxd5 16. Qxd5 cxd5 17. f5 Nc6 18. Nf3 Rfe8 19. Rde1 Kf8 20. fxg6 fxg6 21. h5 gxh5 22. gxh5 Rxe1+ 23. Rxe1 Re8 24. Rxe8+ Kxe8 25. Kd2 Kf7 26. Ke3 1/2-1/2

[Event "22nd Ruzomberok Open 2019"]
[Site "Ruzomberok"]
[Date "2019.07.07"]
[Round "9.17"]
[White "Bakalar, Jan"]
[Black "Pecho, Juraj"]
[Result "1-0"]
[ECO "B00"]
[WhiteElo "1964"]
[BlackElo "1900"]
[Annotator "NA"]
[PlyCount "121"]
[EventDate "2019.06.29"]
[EventType "swiss"]
[EventCountry "SVK"]
[SourceTitle "playchess.com"]
[Source "ChessBase"]
[SourceQuality "1"]
[TimeControl "40/5400+30:1800+30"]

1. e4 d6 2. Nc3 Nf6 3. d4 Nbd7 4. g3 e5 5. Bg2 Be7 6. Nge2 O-O 7. O-O c6 8. a4 Qc7 9. h3 b6 10. Be3 a6 11. g4 h6 12. Ng3 exd4 13. Qxd4 Re8 14. Nf5 Bf8 15. Rfd1 Re6 16. b3 Bb7 17. Qd2 Rae8 18. Bf4 Ne5 19. f3 d5 20. exd5 cxd5 21. Ne2 Qc5+ 22. Ned4 Nc6 23. b4 Nxb4 24. Kh1 g5 25. Nxe6 fxe6 26. Be3 Qc7 27. c3 Nc6 28. Nd4 Ne5 29. Rab1 Nc4 30. Qd3 Nxe3 31. Qxe3 Qg3 32. Rxb6 Bd6 33. Qg1 Ba8 34. Rdb1 Nd7 35. Rxa6 Nc5 36. Ne2 Qe5 37. Rxd6 Qxd6 38. Qd4 e5 39. Qb4 Bc6 40. Ng3 Qf8 41. Nf5 Nxa4 42. Qa5 Re6 43. Qc7 Nc5 44. Rb8 Be8 45. Qd8 Nd7 46. Ra8 Bf7 47. Qa5 Re8 48. Rxe8 Qxe8 49. Nxh6+ Kh7 50. Nf5 Be6 51. Ne3 d4 52. cxd4 exd4 53. Nf1 Bc4 54. Qxg5 Bxf1 55. Bxf1 Qe1 56. Kg2 Ne5 57. Bd3+ Kh8 58. Qd8+ Kg7 59. Qe7+ Kh6 60. Qh7+ Kg5 61. f4+ 1-0

[Event "22nd Ruzomberok Open 2019"]
[Site "Ruzomberok"]
[Date "2019.07.07"]
[Round "9.18"]
[White "Mudron, Jan"]
[Black "Karcol, Jan"]
[Result "0-1"]
[ECO "D85"]
[WhiteElo "1756"]
[BlackElo "1882"]
[Annotator "NA"]
[PlyCount "106"]
[EventDate "2019.06.29"]
[EventType "swiss"]
[EventCountry "SVK"]
[SourceTitle "playchess.com"]
[Source "ChessBase"]
[SourceQuality "1"]
[TimeControl "40/5400+30:1800+30"]

1. d4 Nf6 2. c4 g6 3. Nc3 d5 4. cxd5 Nxd5 5. e4 Nxc3 6. bxc3 Bg7 7. Nf3 c5 8. Be2 Bg4 9. Be3 Nc6 10. e5 cxd4 11. cxd4 Qa5+ 12. Bd2 Qd5 13. Be3 O-O 14. O-O Rad8 15. Qa4 Qd7 16. Rad1 Nxe5 17. Qxd7 Nxd7 18. h3 Bf5 19. d5 Nb6 20. Bc5 Nxd5 21. Bc4 b6 22. Ba3 Be6 23. Ng5 Bf6 24. Nxe6 fxe6 25. Rfe1 Kf7 26. Rd3 Rd7 27. Red1 Rc8 28. Bb3 b5 29. Bxd5 Rxd5 30. Rxd5 exd5 31. Rxd5 Rc2 32. Rxb5 Rxa2 33. Bc5 Ke6 34. Rb7 a5 35. Ra7 a4 36. g3 Rc2 37. Be3 Rc4 38. Kf1 Kd5 39. Ke2 Re4 40. Kd2 Rb4 41. Kd3 Rb3+ 42. Kc2 Ra3 43. Ra5+ Ke4 44. Kb1 Kd3 45. Rd5+ Ke4 46. Rd7 Ra1+ 47. Kc2 Ra2+ 48. Kb1 Rb2+ 49. Kc1 a3 50. g4 Re2 51. g5 a2 52. Ra7 a1=Q+ 53. Rxa1 Bxa1 0-1

[Event "22nd Ruzomberok Open 2019"]
[Site "Ruzomberok"]
[Date "2019.07.07"]
[Round "9.19"]
[White "Korenova, Simona"]
[Black "Tomanek, Rafael"]
[Result "1-0"]
[ECO "D45"]
[WhiteElo "1764"]
[BlackElo "1885"]
[Annotator "NA"]
[PlyCount "81"]
[EventDate "2019.06.29"]
[EventType "swiss"]
[EventCountry "SVK"]
[SourceTitle "playchess.com"]
[Source "ChessBase"]
[SourceQuality "1"]
[TimeControl "40/5400+30:1800+30"]

1. c4 c6 2. d4 d5 3. Nc3 Nf6 4. Nf3 e6 5. e3 Nbd7 6. a3 Bd6 7. b4 O-O 8. Bb2 e5 9. cxd5 exd4 10. Nxd4 Ne5 11. dxc6 bxc6 12. Be2 Qe7 13. O-O Re8 14. Bf3 Bd7 15. b5 Nxf3+ 16. Qxf3 Qe5 17. Qg3 cxb5 18. Qxe5 Bxe5 19. Rab1 a6 20. Rfd1 Rab8 21. e4 Rbc8 22. f3 Rc4 23. Nd5 Nxd5 24. exd5 Rec8 25. Nc6 Bd6 26. Rbc1 Bc5+ 27. Kf1 Kf8 28. Ne5 Rxc1 29. Rxc1 Ke7 30. Re1 Be8 31. Nd3+ Kf8 32. Rc1 b4 33. Rxc5 Rxc5 34. Nxc5 bxa3 35. Bxa3 Bb5+ 36. Kf2 Ke8 37. Ke3 Kd8 38. Ke4 Kc7 39. Ke5 Bf1 40. d6+ Kd8 41. Bb4 1-0

[Event "22nd Ruzomberok Open 2019"]
[Site "Ruzomberok"]
[Date "2019.07.07"]
[Round "9.20"]
[White "Taragelova, Martina"]
[Black "Stanko, Ivan"]
[Result "1/2-1/2"]
[ECO "B35"]
[WhiteElo "1719"]
[BlackElo "1859"]
[Annotator "NA"]
[PlyCount "89"]
[EventDate "2019.06.29"]
[EventType "swiss"]
[EventCountry "SVK"]
[SourceTitle "playchess.com"]
[Source "ChessBase"]
[SourceQuality "1"]
[TimeControl "40/5400+30:1800+30"]

1. e4 c5 2. Nf3 Nc6 3. d4 cxd4 4. Nxd4 g6 5. Nc3 Bg7 6. Be3 Nf6 7. Bc4 d6 8. f3 O-O 9. Bb3 Bd7 10. Qd2 Re8 11. O-O-O a5 12. g4 Ne5 13. a4 Rc8 14. h4 Nc4 15. Bxc4 Rxc4 16. b3 Rc8 17. h5 Qc7 18. Ncb5 Bxb5 19. Nxb5 Qd8 20. hxg6 fxg6 21. Bd4 Rc6 22. Na7 Ra6 23. Qf2 e6 24. Qh4 Qe7 25. Rh2 e5 26. Be3 d5 27. Nb5 d4 28. Bg5 Rc6 29. Kb1 b6 30. Rdh1 d3 31. cxd3 Qb4 32. Kb2 Rd8 33. Rd1 Rf8 34. Qh3 Rfc8 35. Bxf6 Rxf6 36. g5 Rfc6 37. Qxh7+ Kf7 38. Qh3 Qe7 39. Qg4 Rc5 40. Rdh1 Qd8 41. Rd1 Qe7 42. Kb1 Kg8 43. Qh4 Qe6 44. Kb2 Qc6 45. Qf2 1/2-1/2

[Event "22nd Ruzomberok Open 2019"]
[Site "Ruzomberok"]
[Date "2019.07.07"]
[Round "9.21"]
[White "Marsina, Stefan"]
[Black "Laurencsik, Alexander"]
[Result "0-1"]
[ECO "E91"]
[WhiteElo "1880"]
[BlackElo "1742"]
[Annotator "NA"]
[PlyCount "104"]
[EventDate "2019.06.29"]
[EventType "swiss"]
[EventCountry "SVK"]
[SourceTitle "playchess.com"]
[Source "ChessBase"]
[SourceQuality "1"]
[TimeControl "40/5400+30:1800+30"]

1. d4 Nf6 2. Nf3 g6 3. c4 d6 4. Nc3 Bg7 5. e4 O-O 6. Be2 Nbd7 7. O-O e5 8. d5 Nh5 9. Be3 Ndf6 10. c5 Nf4 11. cxd6 cxd6 12. Rc1 Bg4 13. h3 Nxh3+ 14. gxh3 Bxh3 15. Re1 Ng4 16. Bg5 Bf6 17. Qd2 a6 18. Bxf6 Nxf6 19. Qh6 Qd7 20. Ng5 Bg4 21. f3 Bh5 22. Rc2 Kh8 23. f4 Rg8 24. f5 Bxe2 25. Rcxe2 Rg7 26. Rg2 Qe7 27. Rf1 Ng8 28. Qh4 f6 29. Ne6 g5 30. Qh5 Rf7 31. Rf3 h6 32. Ne2 Rh7 33. Rc3 Qe8 34. Qh3 Rc8 35. Rxc8 Qxc8 36. Rg3 Qc2 37. Kf2 Qxe4 38. Rd3 g4 39. Qh5 Qxd3 40. Nf8 Qf3+ 41. Ke1 Qxd5 42. Nxh7 Kxh7 43. Qg6+ Kh8 44. Qxg4 Qxa2 45. b4 Qf7 46. Ng3 Qg7 47. Qf3 Qc7 48. Nh5 Qc1+ 49. Kf2 Qg5 50. Ng3 Qf4 51. Qxf4 exf4 52. Kf3 fxg3 0-1

[Event "22nd Ruzomberok Open 2019"]
[Site "Ruzomberok"]
[Date "2019.07.07"]
[Round "9.22"]
[White "Zentko, Ladislav"]
[Black "Pasztor, Ladislav"]
[Result "1/2-1/2"]
[ECO "A38"]
[WhiteElo "1732"]
[BlackElo "1857"]
[Annotator "NA"]
[PlyCount "147"]
[EventDate "2019.06.29"]
[EventType "swiss"]
[EventCountry "SVK"]
[SourceTitle "playchess.com"]
[Source "ChessBase"]
[SourceQuality "1"]
[TimeControl "40/5400+30:1800+30"]

1. Nf3 c5 2. c4 Nf6 3. Nc3 g6 4. g3 Bg7 5. Bg2 Nc6 6. O-O O-O 7. d3 d6 8. Bg5 h6 9. Be3 Kh7 10. Nd2 Ng4 11. h3 Nxe3 12. fxe3 e5 13. e4 Be6 14. a3 Qd7 15. Kh2 f5 16. e3 Rf7 17. exf5 gxf5 18. Qh5 Rg8 19. Nf3 Bf6 20. Nd5 Bd8 21. Nh4 Rg5 22. Qf3 Bxd5 23. cxd5 Ne7 24. g4 Rfg7 25. Nxf5 Nxf5 26. Qe4 Kh8 27. Rxf5 Rxf5 28. Qxf5 Qxf5 29. gxf5 Bg5 30. e4 Bf4+ 31. Kg1 Rg3 32. Rd1 Be3+ 33. Kf1 b5 34. h4 a5 35. b3 Kg7 36. h5 Kf6 37. Bh1 Bd4 38. Ke2 Re3+ 39. Kd2 Rh3 40. Rf1 Rxh5 41. Bf3 Rh2+ 42. Be2 h5 43. Rf3 h4 44. Kd1 Bf2 45. d4 Bxd4 46. Bxb5 Ra2 47. a4 Bf2 48. Bc4 Bg3 49. Bf1 Rb2 50. Kc1 Ra2 51. Kd1 Rb2 52. Kc1 Rh2 53. Kd1 Ra2 54. Kc1 Ra1+ 55. Kb2 Re1 56. Bd3 Rg1 57. Bf1 Be1 58. Kc2 Rg4 59. Kd3 Rf4 60. Rxf4 exf4 61. Kc4 f3 62. Kb5 Bc3 63. Kc6 Be5 64. Kb5 Bc3 65. Kc4 Be1 66. Kb5 Bc3 67. Kc6 Be5 68. Kb5 Bc3 69. Kc6 Ke5 70. f6 Kxe4 71. f7 Bg7 72. Kxd6 Bf8+ 73. Ke6 Ke3 74. d6 1/2-1/2

[Event "22nd Ruzomberok Open 2019"]
[Site "Ruzomberok"]
[Date "2019.07.07"]
[Round "9.23"]
[White "Ucekajova, Veronika"]
[Black "Kukan, Michal"]
[Result "1/2-1/2"]
[ECO "B06"]
[WhiteElo "1836"]
[BlackElo "1698"]
[Annotator "NA"]
[PlyCount "90"]
[EventDate "2019.06.29"]
[EventType "swiss"]
[EventCountry "SVK"]
[SourceTitle "playchess.com"]
[Source "ChessBase"]
[SourceQuality "1"]
[TimeControl "40/5400+30:1800+30"]

1. e4 c6 2. Nc3 g6 3. d4 Bg7 4. Nf3 d6 5. a4 Nf6 6. a5 O-O 7. Be2 Nbd7 8. O-O c5 9. h3 cxd4 10. Nxd4 Nc5 11. f3 d5 12. e5 Nh5 13. f4 Ng3 14. Rf2 Nxe2+ 15. Qxe2 Ne6 16. Be3 Nxd4 17. Bxd4 h5 18. Qf3 Be6 19. g4 hxg4 20. hxg4 f6 21. exf6 Bxf6 22. Bxf6 Rxf6 23. f5 gxf5 24. gxf5 Bxf5 25. Qxd5+ Qxd5 26. Nxd5 Rg6+ 27. Kf1 Bh3+ 28. Ke2 Bg4+ 29. Ke3 Re6+ 30. Kf4 Rf8+ 31. Kg3 Rxf2 32. Kxf2 Kf7 33. b4 Rc6 34. Ne3 Rf6+ 35. Kg3 Bd7 36. c4 Bc6 37. Kg4 e5 38. Rf1 Bd7+ 39. Kg5 Rxf1 40. Nxf1 Bh3 41. Ne3 Ke7 42. Kh4 Be6 43. Kg5 Bc8 44. Nd5+ Kf7 45. Ne3 Be6 1/2-1/2